 Dungeon Crawl Stone Soup version 0.30-a0-777-ga9a30cbeda (webtiles) character file.

Game seed: 16019672242930861423

1617 bande the Chopper (level 8, -2/51 HPs)
             Began as a Gargoyle Fighter on Feb 14, 2023.
             Slain by an orc wizard
             ... wielding a +0 dagger
              (3 damage)
             ... on level 6 of the Dungeon.
             The game lasted 00:06:40 (5439 turns).

bande the Chopper (Gargoyle Fighter)                Turns: 5439, Time: 00:06:41

Health: -2/51      AC: 19    Str: 26    XL:     8   Next: 96%
Magic:  8/8        EV:  8    Int: 15    God:
Gold:   272        SH:  5    Dex: 11    Spells: 7/7 levels left

rFire   . . .      SeeInvis .    a - +0 war axe
rCold   . . .      Faith    .    c - +0 buckler
rNeg    + . .      Spirit   .    s - +2 chain mail {rPois}
rPois   ∞          Reflect  .    q - +1 helmet
rElec   +          Harm     .    (no cloak)
rCorr   .          Rampage  .    (no gloves)
Will    .....                    (no boots) Stlth
                                 (no amulet)
HPRegen 0.28/turn                h - +6 ring of strength
MPRegen 0.11/turn                f - +6 ring of intelligence

@: no status effects
A: sickness immunity, AC +5, negative energy resistance 1, electricity
resistance, torment resistance 1, petrification resistance
a: no special abilities


You were on level 6 of the Dungeon.
You visited 1 branch of the dungeon, and saw 6 of its levels.

You collected 272 gold pieces.

Inventory:

Hand Weapons
 a - a +0 war axe (weapon)
 b - a +0 flail
 r - a +0 war axe
Armour
 c - a +0 buckler (worn)
 q - a +1 helmet (worn)
 s - a +2 chain mail of poison resistance (worn)
Jewellery
 e - an amulet of magic regeneration
 f - a +6 ring of intelligence (right hand)
 h - a +6 ring of strength (left hand)
Wands
 j - a wand of roots (3)
Scrolls
 k - 4 scrolls of teleportation
 m - 2 scrolls of enchant armour
 p - 2 scrolls of fog {unknown}
 t - 3 scrolls of identify
 w - a scroll of poison
 x - a scroll of brand weapon {unknown}
 y - a scroll of vulnerability {unknown}
Potions
 d - a potion of might
 g - 5 potions of ambrosia {unknown}
 i - 3 potions of flight
 l - a potion of cancellation {unknown}
 n - 4 potions of curing
 o - a potion of heal wounds {unknown}
 u - 2 potions of berserk rage {unknown}
 v - a potion of lignification {unknown}


   Skills:
 + Level 5.8 Fighting
 + Level 6.7 Axes
 + Level 5.8 Armour
 - Level 0.4 Stealth
 + Level 5.2 Shields
 * Level 3.4 Evocations


You had 7 spell levels left.
You didn't know any spells.
Your spell library contained the following spells:

 Spells                   Type           Power      Damage    Failure   Level
 Ensorcelled Hibernation  Hex/Ice        0%         N/A       96%         2
 Passwall                 Tmut/Erth      0%         N/A       96%         2
 Swiftness                Air            0%         N/A       99%         3
 Freezing Cloud           Conj/Ice/Air   0%         6-21      100%        5
 Simulacrum               Ice/Necr       0%         N/A       100%        6
 Polar Vortex             Ice            0%         N/A       100%        9


Dungeon Overview and Level Annotations

Branches:
Dungeon (6/15)
 Temple: D:4-7

Altars:
Ashenzari
Dithmenos
Fedhas
Kikubaaqudgha
Uskayaw
The Shining One


Innate Abilities, Weirdness & Mutations

You are immune to sickness and miasma.
Your stone body is resilient. (AC +5)
You are immune to poison.
You resist negative energy. (rN+)
You are resistant to electric shocks. (rElec)
You are resistant to unholy torment.
You are immune to petrification.


Message History

The necrophage hits you but does no damage.
Items here: )) [ †.
Deactivating autopickup; reactivate with Ctrl-A.
You closely miss something. You barely miss the necrophage.
Something hits you but does no damage. The necrophage closely misses you.
You barely miss something. You barely miss the necrophage.
Something hits you but does no damage.
The necrophage hits you but does no damage.
Unknown command.
You slash something! You hit the necrophage.
Something hits you but does no damage. You block the necrophage's attack.
You closely miss something. You hit the necrophage. Something hits you.
* * * LOW HITPOINT WARNING * * *
The necrophage hits you but does no damage.
Something hits you but does no damage. The necrophage barely misses you.
You completely miss something. You slash the necrophage!
You destroy the necrophage!
You hear some strange, mumbled words.
Something tries to affect you, but you resist.
You miss something. Something hits you but does no damage.
You miss something.
You hear some strange, mumbled words.
A magic dart appears from out of thin air!
The magic dart hits you.
* * * LOW HITPOINT WARNING * * *
You hit something but do no damage. Something hits you.
* * * LOW HITPOINT WARNING * * *
You miss something. Something hits you.
* * * LOW HITPOINT WARNING * * *
Something hits you but does no damage.
You miss something. Something hits you.
* * * LOW HITPOINT WARNING * * *
You closely miss something.
An orc wizard appears from thin air!
Reactivating autopickup.
The orc wizard hits you but does no damage.
You hit the orc wizard but do no damage.
The orc wizard is heavily wounded.
The sentinel's mark upon you fades away.
The orc wizard hits you with a +0 dagger.
You die...

##### #...#
#...##########
#####.....#......###
#.##...##........$.....
##......#......)).......
#....##..#.#...o@.......
.....###..##...)).....##
.....###..#)............
......##.....|..........
...............$.....#..
........................
.........†..............
......#..†....##....#...
......#........#


You could see an orc wizard.

Vanquished Creatures
  Menkaure (D:5)
  A water moccasin (D:6)
  A black bear (D:6)
  A sky beast (D:5)
  An ogre (D:5)
  A necrophage (D:6)
  2 scorpions (D:5)
  5 wights
  A howler monkey (D:5)
  A jelly (D:6)
  2 orc priests
  3 iguanas
  7 orc wizards
  Natasha (twice) (D:3)
  Robin (D:3)
  4 gnolls (D:6)
  9 adders
  A white imp (D:6)
  An ufetubus (D:4)
  A worm (D:3)
  2 dart slugs (D:1)
  24 orcs
  2 ball pythons
  3 bats
  4 endoplasms
  3 giant cockroaches
  17 goblins
  3 hobgoblins
  7 jackals (D:4)
  4 quokkas
  6 frilled lizards
  5 kobolds
  5 rats
131 creatures vanquished.

Notes
Turn   | Place    | Note
-------+----------+-------------------------------------------
     0 | D:1      | bande the Gargoyle Fighter began the quest for the Orb.
     0 | D:1      | Reached XP level 1. HP: 14/14 MP: 1/1
    49 | D:1      | Found a faded altar of an unknown god.
   406 | D:1      | Reached XP level 2. HP: 19/19 MP: 2/2
   864 | D:2      | Reached skill level 2 in Axes
   888 | D:2      | Reached XP level 3. HP: 24/24 MP: 3/3
  1136 | D:2      | Reached XP level 4. HP: 28/29 MP: 4/4
  1199 | D:2      | Found a shadowy altar of Dithmenos.
  1518 | D:3      | Noticed Natasha
  1539 | D:3      | Killed Natasha
  1540 | D:3      | Reached skill level 3 in Axes
  1648 | D:3      | Noticed Robin
  1650 | D:3      | Noticed Natasha
  1655 | D:3      | Killed Robin
  1656 | D:3      | Reached XP level 5. HP: 17/33 MP: 5/5
  1661 | D:3      | Killed Natasha
  1765 | D:3      | Found a hide-covered altar of Uskayaw.
  1767 | D:3      | Found a broken altar of Ashenzari.
  1781 | D:3      | Found a shadowy altar of Dithmenos.
  1873 | D:3      | Found a glowing golden altar of the Shining One.
  2238 | D:3      | Reached skill level 4 in Axes
  2260 | D:3      | Found an ancient bone altar of Kikubaaqudgha.
  2260 | D:3      | Found a blossoming altar of Fedhas.
  2924 | D:4      | Reached XP level 6. HP: 38/38 MP: 6/6
  3014 | D:4      | You fall into a shaft and drop 1 floor!
  3014 | D:5      | Entered Level 5 of the Dungeon
  3404 | D:5      | Reached skill level 1 in Evocations
  3404 | D:5      | Reached XP level 7. HP: 5/44 MP: 7/7
  3803 | D:5      | Noticed Menkaure
  3809 | D:5      | Killed Menkaure
  4014 | D:5      | Reached skill level 5 in Axes
  4362 | D:5      | Reached skill level 5 in Fighting
  4362 | D:5      | Reached skill level 5 in Armour
  4655 | D:5      | Reached XP level 8. HP: 39/49 MP: 8/8
  4807 | D:6      | Reached skill level 5 in Shields
  5331 | D:6      | Reached skill level 6 in Axes
  5437 | D:6      | HP: 1/51 [something (3)]
  5439 | D:6      | Slain by an orc wizard

Illustrated notes

Levels and vault maps discovered:
D:1:      minmay_arrival_split_and_join, layout_loops_cross,
          dreamdust_ecumenical_altar_grove
D:2:      layout_loops_ring, basic_altar
D:3:      layout_rooms, grunt_temple_overflow_growth_and_decay,
          nicolae_overflow_hidden_temple, uniq_robin, uniq_natasha
D:4:      layout_layer_cave
D:5:      layout_basic, uniq_menkaure
D:6:      layout_cave_pools

Skill      XL: |  1  2  3  4  5  6  7  8 |
---------------+-------------------------+-----
Axes           | 2 3 4 5 6 |  6.7
Fighting       | 4 5 |  5.8
Armour         | 4 5 |  5.8
Shields        | 4 5 |  5.2
Evocations     | 1 2 3 |  3.4
Stealth        | |  0.4

Action                     |  1- 3 |  4- 6 |  7- 9 || total
---------------------------+-------+-------+-------++-------
  Melee: War axe           |    78 |   158 |   151 ||   387
    Use: Scroll            |       |     8 |     2 ||    10
 Armour: Scale mail        |    36 |    94 |    15 ||   145
         Chain mail        |       |       |   145 ||   145
  Dodge: Dodged            |    34 |    86 |    88 ||   208
  Block: Buckler           |    17 |    35 |    40 ||    92

Table legend: (Time is in decaauts)
 A = Elapsed time spent in this place.
 B = Non-inter-level travel time spent in this place.
 C = Inter-level travel time spent in this place.
 D = Time resting spent in this place.
 E = Time spent auto-exploring this place.
 F = Levels seen in this place.
 G = Mean time per level.
                   A        B        C        D        E       F      G
               +--------+--------+--------+--------+--------+-----+--------+
         Total |   5571 |   5510 |     61 |   1407 |   3118 |   6 |  928.5 |
       Dungeon |   5571 |   5510 |     61 |   1407 |   3118 |   6 |  928.5 |
               +--------+--------+--------+--------+--------+-----+--------+

Top non-repeatable levels by time:
     D:5: 1994 daAuts
     D:3: 906 daAuts
     D:1: 823 daAuts
     D:2: 739 daAuts
     D:4: 619 daAuts
     D:6: 487 daAuts
